 Dungeon Crawl Stone Soup version 0.23-a0-139-ga22e90c45f (webtiles) character file.

127393 Jesh the Unseen (level 16, -13/83 HPs)
             Began as a Spriggan Enchanter on Aug 30, 2018.
             Was the Champion of Dithmenos.
             Mangled by a white very ugly thing (19 damage)
             ... on level 15 of the Dungeon.
             The game lasted 02:07:54 (34798 turns).

Jesh the Unseen (Spriggan Enchanter)               Turns: 34798, Time: 02:07:55

Health: -13/83     AC: 11    Str: 13    XL:     16   Next: 46%
Magic:  31/37      EV: 32    Int: 17    God:    Dithmenos [******]
Gold:   1199       SH:  0    Dex: 21    Spells: 28/40 levels left

rFire    + . .     SeeInvis +   k - +9 dagger (speed)
rCold    . . .     Gourm    .   (shield restricted)
rNeg     + . .     Faith    .   P - +2 robe {rN+}
rPois    .         Spirit   .   K - +2 hat
rElec    .         Reflect  .   s - +2 cloak
rCorr    .         Harm     .   (gloves unavailable)
MR       +++..                  (boots unavailable)
Stlth    ++++++++++             f - amulet of regeneration
HPRegen  0.63/turn              M - ring of protection from fire
MPRegen  0.25/turn              O - +2 ring of protection

@: mighty, wreathed by umbra, studying 2 skills, very quick
A: very small, unfitting armour, see invisible, agile 1, herbivore, speed 3,
high mp 1, magic resistance 1, slow metabolism 2
a: Shadow Step, Shadow Form, Renounce Religion


You were on level 15 of the Dungeon.
You worshipped Dithmenos.
Dithmenos was exalted by your worship.
You were full.

You visited 5 branches of the dungeon, and saw 25 of its levels.
You also visited: Sewer and Bailey.

You collected 2490 gold pieces.
You spent 1291 gold pieces at shops.

Inventory:

Hand Weapons
 k - a +9 dagger of speed (weapon)
 l - a +0 rapier
Missiles
 H - 6 throwing nets (quivered)
Armour
 r - a scarf of cloud immunity
 s - a +2 cloak (worn)
 K - a +2 hat (worn)
 P - a +2 robe of positive energy (worn)
Jewellery
 f - an amulet of regeneration (around neck)
 y - an uncursed ring of protection from cold
 C - an uncursed ring of poison resistance
 F - an uncursed ring of protection from cold
 M - a ring of protection from fire (left hand)
 N - an uncursed ring of wizardry
 O - a +2 ring of protection (right hand)
Wands
 m - a wand of paralysis (30)
 o - a wand of polymorph (8)
 D - a wand of flame (40)
 R - a wand of iceblast (8)
Scrolls
 g - 7 scrolls of blinking
 u - 4 scrolls of fog
 x - 3 scrolls of enchant weapon
 z - 6 scrolls of fear
 A - 7 scrolls of teleportation
 J - a scroll of identify
 L - 3 scrolls of amnesia
Potions
 a - 4 potions of lignification
 e - a potion of resistance
 h - 9 potions of curing
 i - 4 potions of agility
 j - a potion of brilliance
 n - 5 potions of flight
 p - 2 potions of cancellation
 q - 9 potions of heal wounds
 v - 6 potions of haste
 w - 5 potions of mutation
 B - a potion of magic
 E - a potion of ambrosia
Books
 b - a manual of Fighting
 t - a manual of Shields
Miscellaneous
 G - a fan of gales (inert)
 I - a lamp of fire
Comestibles
 d - 36 rations


   Skills:
 + Level 8.9 Fighting
 + Level 10.8 Short Blades
 + Level 13.8 Dodging
 + Level 19.9 Stealth
 - Level 6.0 Shields
 + Level 12.8 Spellcasting
 * Level 16.7 Hexes


You had 28 spell levels left.
You knew the following spells:

 Your Spells              Type           Power        Failure   Level  Hunger
a - Ensorcelled Hibernat  Hex/Ice        #####.       1%          2    None
b - Corona                Hex            ######.      0%          1    None
c - Confuse               Hex            ######..     1%          3    None
d - Tukima's Dance        Hex            ######..     1%          3    None
e - Dazzling Spray        Conj/Hex       #####.       1%          3    None

Your spell library contained the following spells:

 Spells                   Type           Power        Failure   Level  Hunger
 Summon Guardian Golem    Hex/Summ       #####...     1%          3    None
 Summon Small Mammal      Summ           ##..         6%          1    None
 Call Imp                 Summ           ##......     10%         2    None
 Poisonous Vapours        Pois/Air       ##....       10%         2    None
 Call Canine Familiar     Summ           ##......     19%         3    None
 Conjure Flame            Conj/Fire      ##......     19%         3    None
 Mephitic Cloud           Conj/Pois/Air  ##......     19%         3    None
 Recall                   Summ/Tloc      N/A          19%         3    None
 Animate Dead             Necr           N/A          54%         4    ##.....
 Summon Ice Beast         Ice/Summ       ##......     54%         4    ##.....
 Summon Lightning Spire   Summ/Air       ##......     54%         4    ##.....
 Borgnjor's Vile Clutch   Necr/Erth      ##........   87%         5    ####...
 Death Channel            Necr           ##........   100%        6    ######.
 Freezing Cloud           Conj/Ice/Air   ##........   100%        6    ######.
 Simulacrum               Ice/Necr       ##........   100%        6    ######.
 Ring of Flames           Chrm/Fire      ##........   100%        7    #######


Dungeon Overview and Level Annotations

Branches:
Dungeon (15/15)            Temple (1/1) D:5            Lair (6/6) D:10
  Swamp (0/4) Lair:4       Spider (0/4) Lair:2        Slime (0/5) Lair:5
    Orc (2/2) D:11            Elf (0/3) Orc:2        Vaults (0/5) D:13
 Depths (1/5) D:15

Altars:
Ashenzari
Cheibriados
Dithmenos
Elyvilon
Fedhas
Gozag
Hepliaklqana
Kikubaaqudgha
Makhleb
Nemelex Xobeh
Okawaru
Qazlal
Ru
Sif Muna
Trog
Uskayaw
Vehumet
Wu Jian
Xom
Yredelemnul
Zin
The Shining One
Beogh
Lugonu

Shops:
D:5 [(((!   D:9 %   D:10 !   Orc:2 ?[(![

Portals:
Hell: Depths:1

Annotations:
D:6 3 runed doors, Fandomethor's ghost, novice HOMo


Innate Abilities, Weirdness & Mutations

You are very small and have problems with some larger weapons.
You are too small for most types of armour.
You have supernaturally acute eyesight. (SInv)
You are a herbivore.
You cover ground extremely quickly.
You need to consume almost no food.
You are agile. (Dex +2)
You have an increased reservoir of magic. (+10% MP)
You are resistant to hostile enchantments. (MR+)


Message History

Unknown command.
Casting: Confuse (safe; 1% risk of failure)
Confirm with . or Enter, or press ? or * to list all spells.
Aiming: Confuse (safe; 1% risk of failure)
Press: ? - help, Shift-Dir - straight line, f - white very ugly thing
Aim: a white very ugly thing (umbra, chance to defeat MR: 61%)
The white very ugly thing resists with significant effort.
The white very ugly thing tail-slaps you!!
You emit a cloud of dark smoke.
The white very ugly thing freezes you!!
You emit a cloud of dark smoke.
Casting: Confuse (safe; 1% risk of failure)
Confirm with . or Enter, or press ? or * to list all spells.
Aiming: Confuse (safe; 1% risk of failure)
Press: ? - help, Shift-Dir - straight line, f/p - white very ugly thing
Aim: a white very ugly thing (black smoke, umbra, chance to defeat MR: 61%)
The white very ugly thing resists with significant effort.
The white very ugly thing tail-slaps you!!
* * * LOW HITPOINT WARNING * * *
You emit a cloud of dark smoke.
The white very ugly thing freezes you!!
You die...

########.#######..#########.#
#.................##......#.#
#.##..#.#######....'[.....[.#
#..#.............###......###
#.....##########..##......#
####.##.#..###(##.##......###
.....#.....##.§.#......(....#
#######.##.#..§§###########.#
# #..##....§§@# #.# #
#...###..§u## #.#
###..###..§# #.# ##.####.##
##### #.##### ##...#####
#...# #...... #.....#
#####...# ####### #.....#
#.......# #... ### ##...##
#.......# #.## ..# ##.##
#.....### #.#


You could see a white very ugly thing.

Vanquished Creatures
  A fire giant (D:15)
  2 orc warlords
  2 very ugly things
  Nessos (Lair:5)
  9 hydras
  Harold (Orc:1)
  3 centaur warriors (D:14)
  A merfolk avatar (Lair:6)
  6 two-headed ogres
  Erica (Lair:2)
  A two-headed ogre (shapeshifter) (D:15)
  A tengu warrior (D:15)
  An orc high priest (Orc:2)
  A fire crab (Lair:4)
  A sea snake (Lair:6)
  A glowing orange brain (D:15)
  A wizard (D:13)
  2 unseen horrors (D:13)
  Pikel (D:4)
  2 orc knights (Orc:2)
  7 deep elf magi
  An orc sorcerer (Orc:2)
  2 oklob plants (Lair:5)
  A cyclops (Orc:2)
  2 wolf spiders
  A manticore (D:14)
  7 ugly things
  11 elephants
  4 black mambas
  A torpor snail (Lair:5)
  2 gargoyles
  15 spiny frogs
  5 rime drakes
  2 centaur skeletons (D:14)
  A kobold demonologist (D:15)
  A tengu conjurer (D:15)
  10 komodo dragons
  The ghost of Fandomethor the Cudgeler, a novice GrFi (D:5)
  A jumping spider (shapeshifter) (D:15)
  7 polar bears
  16 trolls
  A wind drake (Lair:6)
  A queen bee (Lair:2)
  2 hornets
  17 blink frogs
  9 hippogriffs
  Grinder (D:3)
  6 dream sheep (Lair:5)
  A hippogriff (shapeshifter) (D:13)
  A bog body (Lair:4)
  3 slime creatures (D:15)
  A shadow (D:11)
  3 wraiths
  30 yaks
  4 wyverns
  Eustachio (D:5)
  5 basilisks
  A hog (shapeshifter) (D:15)
  A hungry ghost (D:15)
  4 vampire mosquitoes
  Edmund (D:4)
  A soldier ant (D:10)
  4 swamp worms (Lair:4)
  6 wargs
  12 water moccasins
  8 porcupines
  An eye of draining (D:12)
  43 orc warriors
  A slave (D:4)
  3 sky beasts
  A necrophage (D:14)
  A black bear (D:7)
  An eye of draining (shapeshifter) (D:15)
  13 ogres
  29 wolves
  3 ice beasts
  19 centaurs
  17 crocodiles
  4 big kobolds
  18 bullfrogs
  2 wyvern zombies (D:13)
  A wyvern skeleton (D:12)
  3 scorpions
  25 killer bees
  A water moccasin skeleton (D:4)
  A wight (D:5)
  3 electric eels
  8 crimson imps
  5 howler monkeys
  5 hounds
  A quasit (D:6)
  4 bullfrog skeletons
  4 centaur zombies
  3 jellies
  24 orc priests
  A bullfrog zombie (D:12)
  Jessica (D:2)
  5 iguanas
  33 orc wizards
  15 worker ants
  A hound skeleton (D:5)
  Robin (D:4)
  2 worker ant zombies
  A gnoll (D:7)
  A howler monkey skeleton (D:5)
  2 river rats
  20 adders
  7 shadow imps
  15 oozes
  2 worms (D:2)
  9 leopard geckos
  149 orcs
  8 ball pythons
  9 giant cockroaches
  20 goblins
  12 hobgoblins
  15 jackals
  14 kobolds
  3 quokkas
  6 bats
  18 frilled lizards
  A jackal skeleton (D:4)
  A leopard gecko zombie (D:5)
  A quokka skeleton (D:5)
  A quokka zombie (D:5)
  2 rats (D:3)
881 creatures vanquished.

Vanquished Creatures (others)
  A dancing weapon (Orc:1)
  A slave (D:4)
  A water moccasin skeleton (D:4)
  7 fungi
  15 plants
25 creatures vanquished.

Grand Total: 906 creatures vanquished

Notes
Turn   | Place    | Note
-------+----------+-------------------------------------------
     0 | D:1      | Jesh the Spriggan Enchanter began the quest for the Orb.
     0 | D:1      | Reached XP level 1. HP: 9/9 MP: 5/5
   241 | D:1      | Reached XP level 2. HP: 12/13 MP: 7/7
   252 | D:1      | Learned a level 2 spell: Ensorcelled Hibernation
  1240 | D:2      | Reached XP level 3. HP: 15/16 MP: 5/9
  1251 | D:2      | Learned a level 3 spell: Confuse
  1255 | D:2      | Learned a level 3 spell: Tukima's Dance
  1327 | D:2      | Noticed Jessica
  1350 | D:2      | Killed Jessica
  1831 | D:2      | Found a shadowy altar of Dithmenos.
  1839 | D:2      | Became a worshipper of Dithmenos the Shadowed
  1927 | D:2      | Reached XP level 4. HP: 21/21 MP: 11/11
  2316 | D:3      | Reached skill level 5 in Hexes
  2325 | D:3      | Noticed Grinder
  2355 | D:3      | Killed Grinder
  2355 | D:3      | Reached skill level 5 in Spellcasting
  2355 | D:3      | Reached XP level 5. HP: 24/24 MP: 2/14
  2471 | D:3      | Reached XP level 6. HP: 28/28 MP: 12/15
  2487 | D:3      | Found a glowing drain.
  2492 | Sewer    | Entered a sewer
  2615 | Sewer    | Reached skill level 5 in Stealth
  3834 | Sewer    | Reached * piety under Dithmenos
  3892 | Sewer    | Reached skill level 6 in Stealth
  3923 | Sewer    | Learned a level 3 spell: Dazzling Spray
  4263 | Sewer    | Reached skill level 7 in Stealth
  4524 | D:3      | Found a shadowy altar of Dithmenos.
  4525 | D:3      | Reached skill level 8 in Stealth
  4525 | D:3      | Reached XP level 7. HP: 32/32 MP: 16/16
  5185 | D:4      | Noticed Edmund
  5188 | D:4      | Noticed Pikel
  5206 | D:4      | Killed Pikel
  5206 | D:4      | Reached skill level 11 in Stealth
  5221 | D:4      | Killed Edmund
  5359 | D:4      | Reached ** piety under Dithmenos
  5359 | D:4      | Reached XP level 8. HP: 36/36 MP: 14/17
  5414 | D:4      | Reached skill level 12 in Stealth
  5618 | D:4      | Noticed Robin
  5714 | D:4      | Killed Robin
  5985 | D:4      | Found a shattered altar of Ashenzari.
  6175 | D:5      | Entered Level 5 of the Dungeon
  6189 | D:5      | Noticed Fandomethor's ghost (novice GrFi)
  6197 | D:5      | Found a runed door.
  6335 | D:5      | Found Diongin's Antique Armour Shoppe.
  6375 | D:5      | Noticed Eustachio
  6375 | D:5      | Found Pokhopn's Weapon Shoppe.
  6380 | D:5      | Killed Eustachio
  6380 | D:5      | Reached skill level 13 in Stealth
  6451 | D:5      | Found Xihazeog's Antique Weapon Boutique.
  6577 | D:5      | Found Ysaareigh's Antique Weapon Boutique.
  6628 | D:5      | Reached skill level 14 in Stealth
  6828 | D:5      | Found a staircase to the Ecumenical Temple.
  6858 | D:5      | Reached skill level 15 in Stealth
  6889 | Temple   | Entered the Ecumenical Temple
  7269 | D:5      | Found Xiyph's Distillery.
  7288 | D:5      | Bought a potion of mutation for 80 gold pieces
  7288 | D:5      | Bought a potion of mutation for 80 gold pieces
  7288 | D:5      | Gained mutation: You have an increased reservoir of magic.
                  | (+10% MP) [potion of mutation]
  7288 | D:5      | Gained mutation: You are resistant to hostile enchantments.
                  | (MR+) [potion of mutation]
  7288 | D:5      | Gained mutation: You are agile. (Dex +2) [potion of
                  | mutation]
  7436 | D:6      | Found a runed gate.
  7436 | D:6      | Found a runed gate.
  7436 | D:6      | Found a runed gate.
  7440 | D:6      | Reached XP level 9. HP: 39/39 MP: 17/20
  7446 | D:6      | Reached *** piety under Dithmenos
  7450 | D:6      | Found an opulent altar of Gozag.
  7451 | D:6      | Noticed Fandomethor's ghost (novice HOMo)
  7695 | D:5      | Killed Fandomethor's ghost
  7695 | D:5      | Reached skill level 1 in Fighting
  8570 | D:6      | Noticed a death knight
  9455 | D:7      | Reached skill level 5 in Dodging
 10139 | D:7      | Found an iron altar of Okawaru.
 10140 | D:7      | Found an ornate altar of the Wu Jian Council.
 10299 | D:8      | Reached **** piety under Dithmenos
 10955 | D:8      | Reached XP level 10. HP: 47/47 MP: 23/23
 12125 | D:9      | Reached ***** piety under Dithmenos
 12135 | D:9      | Found Fojouso's Food Shoppe.
 12341 | D:10     | Entered Level 10 of the Dungeon
 13018 | D:10     | Found a staircase to the Lair.
 13196 | D:10     | Reached skill level 16 in Stealth
 13406 | D:10     | Found Ritalack's Distillery.
 13411 | D:10     | Bought a potion of heal wounds for 75 gold pieces
 13411 | D:10     | Bought a potion of heal wounds for 75 gold pieces
 13411 | D:10     | Bought a potion of heal wounds for 75 gold pieces
 13950 | D:11     | Noticed a brown ugly thing
 13983 | D:11     | Killed a brown ugly thing
 13983 | D:11     | Reached skill level 5 in Short Blades
 13983 | D:11     | Reached skill level 10 in Hexes
 14124 | D:11     | Reached XP level 11. HP: 37/53 MP: 11/26
 14138 | D:11     | Found a staircase to the Orcish Mines.
 14754 | D:12     | Noticed a two-headed ogre
 14760 | D:12     | Killed a two-headed ogre
 14849 | D:12     | Noticed a cyan ugly thing
 14854 | D:12     | Noticed a green ugly thing
 15183 | D:12     | Noticed a deep elf mage
 15196 | D:12     | Killed a deep elf mage
 15388 | D:12     | Noticed a two-headed ogre
 15389 | D:12     | Found a corrupted altar of Lugonu.
 15408 | D:12     | Killed a two-headed ogre
 15533 | D:12     | Noticed a cyan ugly thing
 15546 | D:12     | Killed a cyan ugly thing
 15553 | D:12     | Killed a cyan ugly thing
 15859 | D:12     | Killed a green ugly thing
 16392 | D:12     | Noticed a brown ugly thing
 16399 | D:12     | Killed a brown ugly thing
 16642 | D:12     | Noticed a deep elf mage
 16655 | D:12     | Killed a deep elf mage
 16765 | D:13     | Reached skill level 17 in Stealth
 16971 | D:13     | Reached XP level 12. HP: 59/59 MP: 24/28
 17289 | D:13     | Reached skill level 5 in Fighting
 17313 | D:13     | Reached ****** piety under Dithmenos
 17407 | D:13     | Found a gate to the Vaults.
 17407 | D:13     | Noticed a two-headed ogre
 17559 | D:13     | Killed a two-headed ogre
 17687 | D:14     | Noticed a six-headed hydra
 17697 | D:14     | Killed a six-headed hydra
 17724 | D:14     | Noticed a centaur warrior
 17732 | D:14     | Killed a centaur warrior
 17732 | D:14     | Reached skill level 10 in Dodging
 17749 | D:14     | Noticed a centaur warrior
 17777 | D:14     | Killed a centaur warrior
 17779 | D:14     | Reached skill level 10 in Spellcasting
 18144 | D:14     | Noticed a centaur warrior
 18163 | D:14     | Killed a centaur warrior
 18351 | D:14     | Noticed a six-headed hydra
 18355 | D:14     | Killed a six-headed hydra
 18438 | D:14     | Found the tattered robe
 18444 | D:14     | Got a tattered robe
 18455 | D:14     | Identified the cursed -5 robe of Misfortune {-Cast *Contam
                  | *Tele *Drain EV-5 Stlth-- *Curse} (You found it on level 14
                  | of the Dungeon)
 19217 | Lair:1   | Entered Level 1 of the Lair of Beasts
 19448 | Lair:1   | Reached XP level 13. HP: 29/65 MP: 6/31
 20830 | Lair:2   | Reached skill level 18 in Stealth
 20875 | Lair:2   | Noticed Erica
 20878 | Lair:2   | Killed Erica
 20899 | Lair:2   | Found a hole to the Spider Nest.
 25005 | Lair:4   | Found a staircase to the Swamp.
 25601 | Lair:5   | Reached XP level 14. HP: 70/70 MP: 33/33
 25875 | Lair:5   | Found a staircase to the Slime Pits.
 26067 | Lair:5   | Noticed Nessos
 26071 | Lair:5   | Killed Nessos
 26321 | Lair:5   | Reached skill level 15 in Hexes
 26887 | Lair:6   | Entered Level 6 of the Lair of Beasts
 26916 | Lair:6   | Reached skill level 19 in Stealth
 27820 | Lair:6   | Reached skill level 10 in Short Blades
 28744 | Orc:1    | Entered Level 1 of the Orcish Mines
 28808 | Orc:1    | Found a flagged portal.
 28818 | Bailey   | Entered a bailey
 30218 | Orc:1    | Found a roughly hewn altar of Beogh.
 30438 | Orc:1    | Noticed an orc warlord
 30504 | Orc:1    | Killed an orc warlord
 30504 | Orc:1    | Reached XP level 15. HP: 32/77 MP: 6/35
 31041 | Orc:2    | Entered Level 2 of the Orcish Mines
 31247 | Orc:2    | Found a roughly hewn altar of Beogh.
 31247 | Orc:2    | Found Kileun's Magic Scroll Emporium.
 31289 | Orc:2    | Identified a scroll of acquirement
 31399 | Orc:2    | Found a roughly hewn altar of Beogh.
 31463 | Orc:2    | Found a roughly hewn altar of Beogh.
 31463 | Orc:2    | Found Jiakhlaa's Antique Armour Boutique.
 31536 | Orc:2    | Found Wuolon's Distillery.
 31544 | Orc:2    | Bought a potion of ambrosia for 96 gold pieces
 31544 | Orc:2    | Bought a potion of heal wounds for 60 gold pieces
 31917 | Orc:2    | Found a staircase to the Elven Halls.
 31932 | Orc:1    | Noticed Harold
 31935 | Orc:1    | Killed Harold
 32087 | Orc:2    | Noticed an orc warlord
 32088 | Orc:2    | Found a roughly hewn altar of Beogh.
 32088 | Orc:2    | Found Huel's Antique Armour Emporium.
 32280 | Orc:2    | Killed an orc warlord
 32694 | Orc:2    | Found Akhoen's Antique Weapon Shoppe.
 33121 | D:10     | Bought a potion of experience for 750 gold pieces
 33122 | D:10     | Reached XP level 16. HP: 82/82 MP: 36/36
 33249 | D:15     | Entered Level 15 of the Dungeon
 33875 | D:15     | Found a staircase to the Depths.
 34441 | Depths:1 | Entered Level 1 of the Depths
 34441 | Depths:1 | Found a gateway to Hell.
 34798 | D:15     | Mangled by a white very ugly thing

Vault maps used:
D:1:      dpeg_arrival_arbitrary_a
D:2:      overflow_temple_1_default, first_ration, minmay_tromino_v7,
          uniq_jessica
D:3:      lightli_sewer_entry_pipes, nicolae_dithmenos_shadow_blocks,
          uniq_grinder
D:4:      kennysheep_mini_moat, saegor_snake_ambush, uniq_pikel, uniq_edmund,
          uniq_robin
D:5:      cheibrodos_fzero, minmay_temple_entry_trees, serial_shops, shop,
          shop_fountains, shop, shop_coins, nicolae_shop_overgrown_old_shop,
          ebering_ghost_inner_flame, kennysheep_generic_room_12, uniq_eustachio
D:6:      ebering_ghost_gozag, glass_columns_a
D:7:      chequers_temple_overflow_statue_of_worship
D:8:      blue_anna_alchemist
D:9:      serial_shops, nicolae_shop_crystal
D:10:     erik_lair_orcish_takeover, serial_shops, shop, minivault_20
D:11:     erik_orc_3
D:12:     minmay_misc_feat_x, tgw_lugonu_bribe
D:13:     david_vaults_1
D:14:     serial_park_gazebo, serial_aquarium, aquarium_bridge_square,
          aquarium_window_2, aquarium_window_1, aquarium_window_double,
          aquarium_view_2d, aquarium_view_2b, aquarium_pool_1
D:15:     gammafunk_enter_depths_forms, minmay_misc_feat_cross
Temple:   dpeg_five_rooms_temple
Lair:1:   st_stairs_12
Lair:2:   spider_nest_entry_rubble, special_room, uniq_erica
Lair:3:   serial_bayou_shore_a, grunt_megastairs_5
Lair:4:   nicolae_swamp_entry_splash_gauntlet, grunt_forest_large_clearings
Lair:5:   minmay_slime_entry_oklob_enclosed, grunt_megastairs_2, uniq_nessos
Lair:6:   gammafunk_lair_ancient_temple
Orc:1:    basic_altar, enter_bailey_3, uniq_harold
Orc:2:    grunt_orc_community_town_hall, grunt_orc_community_big_house_1,
          grunt_orc_community_big_house_1, grunt_orc_community_house_2,
          grunt_orc_community_house_3, grunt_orc_community_house_1,
          grunt_orc_community_house_2, grunt_orc_community_house_2,
          serial_shops, shop
Depths:1: hell_entry, kennysheep_boxes, marbit_kobold_abyss_entry,
          mu_enter_wizlab_5, sword_in_stone, minmay_shop_grove, uniq_nikola
Sewer:    sewer_frog_island_02
Bailey:   bailey_polearm_flooded_kennysheep, bailey

Skill      XL: |  1  2  3  4  5  6  7  8  9 10 11 12 13 14 15 |
---------------+----------------------------------------------+-----
Spellcasting   | 3 4 5 7 8 9 10 11 12 | 12.8
Hexes          | 4 6 8 10 11 13 14 16 | 16.7
Stealth        | 8 11 15 16 17 18 19 | 19.9
Fighting       | 2 3 4 6 8 |  8.9
Short Blades   | 3 5 6 8 9 10 | 10.8
Dodging        | 5 7 9 10 12 13 | 13.8
Shields        | 6 |  6.0

Action                   |  1- 3 |  4- 6 |  7- 9 | 10-12 | 13-15 | 16-18 || total
-------------------------+-------+-------+-------+-------+-------+-------++-------
Melee: Dagger            |   106 |   219 |   326 |   501 |   688 |    76 ||  1916
 Cast: Corona            |     6 |     1 |       |       |       |       ||     7
       Ensorcelled Hiber |     8 |    63 |    88 |    94 |   265 |     8 ||   526
       Confuse           |       |     3 |    23 |    59 |    46 |    21 ||   152
       Dazzling Spray    |       |       |     9 |    25 |    30 |     3 ||    67
       Tukima's Dance    |       |       |       |     1 |     3 |       ||     4
Invok: Shadow Step       |       |       |       |       |     5 |     2 ||     7
Evoke: Wand              |       |       |     7 |     1 |    21 |       ||    29
       Lamp of fire      |       |       |       |       |     2 |       ||     2
       Fan of gales      |       |       |       |       |     1 |       ||     1
  Use: Scroll            |     5 |     5 |    11 |    12 |     9 |     3 ||    45
       Potion            |     1 |     1 |     2 |       |     5 |     2 ||    11
 Stab: Sleeping          |    14 |    39 |    77 |   108 |   241 |    24 ||   503
       Confused          |       |     3 |    11 |    38 |    13 |     7 ||    72
       Distracted        |       |       |     2 |     4 |     3 |       ||     9
       Invisible         |       |       |       |     5 |    11 |     2 ||    18
       Paralysed         |       |       |       |       |     1 |       ||     1
  Eat: Ration            |       |     3 |     3 |     4 |     7 |     3 ||    20
Armor: Robe              |     8 |    37 |    17 |    16 |    25 |     2 ||   105
       Skin              |       |       |       |     2 |     2 |       ||     4
Dodge: Dodged            |    86 |   336 |   192 |   292 |   575 |    56 ||  1537

Table legend:
 A = Non-vault XP
 B = Vault XP
 C = Vault XP percentage of total XP
 D = Non-vault monster count
 E = Vault monster count
 F = Vault count percentage of total count
                 A         B        C        D         E       F
            +---------+---------+-------+---------+---------+-------
      Total |   90175 |   38902 |  30.1 |     551 |     329 |  37.4
            +---------+---------+-------+---------+---------+-------
        D:1 |      33 |       0 |   0.0 |      19 |       0 |   0.0
        D:2 |      28 |      41 |  59.4 |      15 |       4 |  21.1
        D:3 |      27 |     330 |  92.4 |       9 |       7 |  43.8
        D:4 |     267 |     721 |  73.0 |       7 |      17 |  70.8
        D:5 |     378 |     896 |  70.3 |      16 |      15 |  48.4
        D:6 |     716 |       0 |   0.0 |      19 |       0 |   0.0
        D:7 |    1019 |       0 |   0.0 |      34 |       0 |   0.0
        D:8 |    1225 |      95 |   7.2 |      36 |       1 |   2.7
        D:9 |     879 |       0 |   0.0 |      16 |       0 |   0.0
       D:10 |    1980 |     730 |  26.9 |      25 |      10 |  28.6
       D:11 |    2846 |     518 |  15.4 |      21 |      15 |  41.7
       D:12 |    7986 |       0 |   0.0 |      36 |       0 |   0.0
       D:13 |    4137 |    2325 |  36.0 |      20 |       4 |  16.7
       D:14 |    8331 |       0 |   0.0 |      27 |       0 |   0.0
       D:15 |   10047 |    4051 |  28.7 |      25 |      10 |  28.6
     Lair:1 |    5372 |     199 |   3.6 |      25 |       1 |   3.8
     Lair:2 |    3010 |    2901 |  49.1 |      11 |      22 |  66.7
     Lair:3 |    4696 |     714 |  13.2 |      14 |       4 |  22.2
     Lair:4 |    6707 |    4139 |  38.2 |      27 |      29 |  51.8
     Lair:5 |   10313 |    3184 |  23.6 |      45 |       6 |  11.8
     Lair:6 |    8268 |    8688 |  51.2 |      21 |      25 |  54.3
      Orc:1 |    6989 |     972 |  12.2 |      50 |       5 |   9.1
      Orc:2 |    3441 |    5787 |  62.7 |      32 |      68 |  68.0
   Depths:1 |    1480 |       0 |   0.0 |       1 |       0 |   0.0
      Sewer |       0 |     299 | 100.0 |       0 |      47 | 100.0
     Bailey |       0 |    2312 | 100.0 |       0 |      39 | 100.0
            +---------+---------+-------+---------+---------+-------
